 Dungeon Crawl Stone Soup version 0.18.1-50-g88ac8fd (console) character file.

275 Kloppie the Shield-Bearer (level 6, -1/47 HPs)
             Began as a Formicid Fighter on Sept 18, 2016.
             Succumbed to drd's ghost's poison
             ... on level 5 of the Dungeon.
             The game lasted 00:05:00 (3210 turns).

Kloppie the Shield-Bearer (Formicid Fighter)        Turns: 3210, Time: 00:05:01

Health: -1/47      AC: 10    Str: 22    XL:     6   Next: 50%
Magic:  6/6        EV: 12    Int:  8    God:
Gold:   156        SH: 11    Dex: 15    Spells: 0 memorised, 5 levels left

rFire  + . .     SeeInvis +     a - +0 long sword
rCold  + . .     Gourm    .     B - +0 chain mail (curse)
rNeg   . . .     Faith    .     c - +0 shield
rPois  +         Spirit   .     (helmet unavailable)
rElec  +         Dismiss  .     (no cloak)
rCorr  +         Reflect  .     (no gloves)
SustAt .         Harm     .     (no boots)
MR     .....                    (no amulet)
Stlth  ..........               (no ring)
                                (no ring)

@: agile, lethally poisoned (-1 -> -15), resistant, flying, not resistant to
hostile enchantments, extremely unstealthy
A: permanent stasis, dig shafts and tunnels, four strong arms, antennae 3,
molten scales 1
a: Dig, Shaft Self


You were on level 5 of the Dungeon.
You were not hungry.

You visited 1 branch of the dungeon, and saw 5 of its levels.

You collected 156 gold pieces.

Inventory:

Hand Weapons
 a - a +0 long sword (weapon)
Armour
 c - a +0 shield (worn)
 u - a +0 plate armour
 B - a cursed +0 chain mail (worn)
Jewellery
 b - an uncursed ring of fire {unknown}
Scrolls
 e - a scroll of identify
 h - 3 scrolls of amnesia {unknown}
 j - a scroll of recharging {unknown}
 l - a scroll of enchant weapon {unknown}
 m - 2 scrolls of remove curse {unknown}
 o - 2 scrolls of immolation {unknown}
 q - a scroll of teleportation {unknown}
 r - 2 scrolls of blinking {unknown}
 A - a scroll of fog {unknown}
 D - a scroll of enchant armour {unknown}
Potions
 i - 2 potions of brilliance
 t - 3 potions of haste
Books
 y - a book of Burglary

   Spells                             Type                      Level
   a - Swiftness                      Charms/Air                   2
   b - Passwall                       Transmutation/Earth          2
   c - Passage of Golubria            Translocation                4
   d - Lee's Rapid Deconstruction     Earth                        5
   e - Darkness                       Hexes                        6
   f - Invisibility                   Hexes                        6
Comestibles
 f - 5 bread rations
 k - a beef jerky
 s - 2 meat rations
 v - 2 fruits
 w - a slice of pizza
 x - a chunk of flesh


   Skills:
 - Level 3.2 Fighting
 + Level 4.7 Long Blades
 - Level 3.2 Armour
 + Level 6.2 Shields


You had 5 spell levels left.
You didn't know any spells.

Dungeon Overview and Level Annotations

Branches:
Dungeon (5/15)
 Temple: D:4-7

Altars:
Nemelex Xobeh
Sif Muna

Annotations:
D:5 drd's ghost, novice OpAs


Innate Abilities, Weirdness & Mutations

You are under a permanent stasis effect.
You can dig through walls and to a lower floor.
Your four strong arms can wield two-handed weapons with a shield.
You have a pair of large antennae on your head (SInv).
You are partially covered in molten scales (AC +1).


Message History

It was a potion of berserk rage.
You cannot go berserk while under stasis.
* * * LOW HITPOINT WARNING * * *
You feel sick.
Drd's ghost hits you but does no damage.
You closely miss drd's ghost.
Drd's ghost is severely damaged.
You hear the hiss of a distant avalanche of sand.
* * * LOW HITPOINT WARNING * * *
You feel sick. Drd's ghost hits you.
* * * LOW HITPOINT WARNING * * *
Drd's ghost hits you but does no damage.
You slash drd's ghost!
Drd's ghost is almost destroyed.
* * * LOW HITPOINT WARNING * * *
You feel sick.
Drd's ghost hits you but does no damage.
Your shield and chain mail prevent you from hitting drd's ghost.
Drd's ghost is almost destroyed.
You die...

...................
................##
##.####.###.#...#
#.{ #.# #)# ### #.#
#.#### #.# #....#
#.# #....###### {
.. #.#W......#
#..@#####.# ##..#
#..# ...# #.#.#
#.#.# #.#.# #.#.#


You could see drd's ghost.

Vanquished Creatures
  Edmund (D:5)
  Robin (D:3)
  2 adders (D:3)
  A gnoll (D:4)
  2 oozes (D:2)
  An adder skeleton (D:4)
  2 worms
  3 dart slugs
  2 giant geckos
  10 orcs
  5 bats
  3 giant cockroaches (D:1)
  8 goblins
  12 hobgoblins
  5 jackals
  3 quokkas
  3 giant newts
  7 kobolds
  9 rats
80 creatures vanquished.

Notes
Turn   | Place    | Note
--------------------------------------------------------------
     0 | D:1      | Kloppie the Formicid Fighter began the quest for the Orb.
     0 | D:1      | Reached XP level 1. HP: 18/18 MP: 1/1
     4 | D:1      | Found a sparkling altar of Nemelex Xobeh.
    80 | D:1      | Reached XP level 2. HP: 17/24 MP: 2/2
    98 | D:1      | Reached skill level 4 in Shields
   426 | D:1      | Reached XP level 3. HP: 24/29 MP: 3/3
  1035 | D:2      | Reached XP level 4. HP: 35/35 MP: 4/4
  1077 | D:2      | Found a faded altar to an unknown god.
  1488 | D:3      | Found a deep blue altar of Sif Muna.
  1656 | D:3      | Reached skill level 5 in Shields
  1659 | D:3      | Noticed Robin
  1680 | D:3      | Killed Robin
  1767 | D:3      | Reached XP level 5. HP: 41/41 MP: 5/5
  2956 | D:4      | Noticed an ogre
  2966 | D:5      | Entered Level 5 of the Dungeon
  3026 | D:5      | Noticed Edmund
  3048 | D:5      | Killed Edmund
  3048 | D:5      | Reached skill level 6 in Shields
  3048 | D:5      | Reached XP level 6. HP: 14/47 MP: 6/6
  3174 | D:5      | Noticed drd's ghost (novice OpAs)
  3195 | D:5      | Gained mutation: You are partially covered in molten scales (AC +1). [potion of beneficial mutation]
  3209 | D:5      | HP: 1/47 [poisoned by drd's ghost]
  3210 | D:5      | Succumbed to drd's ghost's poison

Skill      XL: |  1  2  3  4  5 |
---------------+----------------+-----
Shields        | 4 5 6 |  6.2
Long Blades    | 3 4 |  4.7
Fighting       | |  3.2
Armour         | |  3.2

Action                   |  1- 3 |  4- 6 || total
-------------------------+-------+-------++-------
Melee: Long sword        |   122 |   234 ||   356
  Use: Potion            |       |     8 ||     8
       Scroll            |       |     4 ||     4
  Eat: Chunk             |     1 |     7 ||     8
Armor: Scale mail        |    46 |    61 ||   107
       Chain mail        |       |    38 ||    38
Dodge: Dodged            |    41 |    82 ||   123
Block: Shield            |    63 |   162 ||   225
